 Dungeon Crawl Stone Soup version 0.16.1-11-g651b585 (webtiles) character file.

266 trantor the Magician (level 6, -2/32 HPs)
             Began as a Deep Elf Wizard on Apr 3, 2015.
             Slain by a gnoll shaman
             ... wielding a +0 whip
              (4 damage)
             ... on level 4 of the Dungeon.
             The game lasted 00:16:46 (3396 turns).

trantor the Magician (Deep Elf Wizard)              Turns: 3396, Time: 00:16:47

Health: -2/32      AC:  4    Str:  4    XL:     6   Next: 0%
Magic:  1/21       EV: 13    Int: 25    God:
Gold:   205        SH:  0    Dex: 13    Spells: 5 memorised, 5 levels left

rFire  . . .     SeeInvis .     p - +2 hand axe (flame)
rCold  . . .     Clarity  .     a - +0 robe
rNeg   . . .     SustAb   .     (no shield)
rPois  .         Gourm    .     b - +0 hat
rElec  .         Spirit   .     i - +0 cloak
rCorr  .         Warding  .     m - +0 pair of gloves
rMut   .         Stasis   .     (no boots)
MR     .....                    (no amulet)
Stlth  ++........               (no ring)
                                (no ring)

@: not resistant to hostile enchantments, unstealthy
A: no striking features
a: no special abilities


You were on level 4 of the Dungeon.
You were very hungry.

You visited 1 branch of the dungeon, and saw 4 of its levels.

You collected 205 gold pieces.

Inventory:

Hand weapons
 p - a +2 hand axe of flaming (weapon)
 v - a +2 whip of venom
Armour
 a - a +0 robe (worn)
 b - a +0 hat (worn)
 i - a +0 cloak (worn)
 m - a +0 pair of gloves (worn)
Jewellery
 r - a +1 ring of evasion {unknown}
Scrolls
 h - 2 scrolls of remove curse
 j - 2 scrolls of noise {unknown}
 l - a scroll of enchant weapon {unknown}
 q - a scroll of enchant armour {unknown}
 s - a scroll of magic mapping {unknown}
 t - a scroll of fog {unknown}
 x - a scroll of immolation {unknown}
Potions
 e - 2 potions of heal wounds
 k - a potion of curing
 o - a potion of brilliance {unknown}
 u - 2 potions of invisibility
 z - a potion of might {unknown}
 A - a potion of poison {unknown}
Books
 c - a book of Minor Magic

   Spells                             Type                      Level
   a - Magic Dart                     Conjuration                  1
   b - Blink                          Translocation                2
   c - Call Imp                       Summoning                    2
   d - Repel Missiles                 Charms/Air                   2
   e - Slow                           Hexes                        2
   f - Conjure Flame                  Conjuration/Fire             3
   g - Mephitic Cloud                 Conjuration/Poison/Air       3
Comestibles
 d - 2 bread rations
 g - 2 meat rations
 w - 4 fruits


   Skills:
 + Level 3.9 Dodging
 - Level 3.0 Stealth
 + Level 5.8 Spellcasting
 * Level 4.0 Conjurations
   Level 1.1 Summonings
 - Level 1.1 Translocations
 + Level 2.1 Fire Magic


You had 5 spell levels left.
You knew the following spells:

 Your Spells              Type           Power        Failure   Level  Hunger
a - Magic Dart            Conj           ####         1%          1    None
b - Blink                 Tloc           N/A          10%         2    None
c - Repel Missiles        Chrm/Air       #.....       14%         2    None
d - Conjure Flame         Conj/Fire      ###.....     8%          3    #......
e - Mephitic Cloud        Conj/Pois/Air  ##......     14%         3    #......


Dungeon Overview and Level Annotations

Branches:
Dungeon (4/15)             Temple (0/1) D:4

Altars:
Kikubaaqudgha
Sif Muna


Message History

The gnoll shaman is almost dead.
The gnoll shaman utters an invocation to its god.
The gnoll shaman is healed somewhat.
You hit the gnoll shaman but do no damage.
The gnoll shaman is heavily wounded.
The gnoll shaman barely misses you.
You barely miss the gnoll shaman.
The gnoll shaman is heavily wounded.
You feel sick.
You are no longer poisoned.
The gnoll shaman barely misses you.
You barely miss the gnoll shaman.
The gnoll shaman is heavily wounded.
The gnoll shaman hits you with a whip.
* * * LOW HITPOINT WARNING * * *
The gnoll shaman closely misses you.
You hit the gnoll shaman. You burn the gnoll shaman.
The gnoll shaman is severely wounded.
The gnoll shaman hits you with a whip.
You die...

.# #.# .# #.# .# #.# .# #.#
.#####.########
..#...........### ######.
................### .)≈§≈..
..#.##...####§#.#g####.≈≈§≈≈.
.##.####.# #.#.@#.#.)≈§≈§≈≈§.
.##.# #.# #...###g(.≈§≈>≈§≈.
.##.# #.# #..## ##†.≈≈≈≈≈§≈#
.##.# #.# ##.. #...K≈≈§≈≈.
.##.. #.# ##..#.#....≈§≈..
###++ ### .#.##..###...# ...
...# ..# .. #.## . #.#


You could see a gnoll shaman.

Vanquished Creatures
  A hound (D:4)
  2 giant frog skeletons (D:4)
  5 adders (D:2)
  3 gnolls (D:4)
  5 worms
  An ooze (D:2)
  An orc (D:3)
  3 ball pythons
  9 bats
  3 giant cockroaches
  14 goblins
  9 hobgoblins
  2 quokkas
  2 giant geckos
  A giant gecko skeleton (D:3)
  3 giant newts
  7 kobolds
  12 rats
83 creatures vanquished.

Notes
Turn   | Place    | Note
--------------------------------------------------------------
     0 | D:1      | trantor, the Deep Elf Wizard, began the quest for the Orb.
     0 | D:1      | Reached XP level 1. HP: 10/10 MP: 6/6
   231 | D:1      | Reached XP level 2. HP: 15/15 MP: 1/9
   235 | D:1      | Learned a level 2 spell: Blink
   238 | D:1      | Learned a level 2 spell: Repel Missiles
   954 | D:2      | Reached XP level 3. HP: 19/19 MP: 2/13
   959 | D:2      | Learned a level 3 spell: Conjure Flame
   963 | D:2      | Learned a level 3 spell: Mephitic Cloud
  1100 | D:2      | Found an ancient bone altar of Kikubaaqudgha.
  1560 | D:2      | Reached XP level 4. HP: 24/24 MP: 13/16
  1668 | D:2      | Reached skill level 5 in Spellcasting
  1914 | D:2      | Reached skill level 1 in Fire Magic
  2825 | D:3      | Reached XP level 5. HP: 28/28 MP: 17/19
  3135 | D:3      | Found a deep blue altar of Sif Muna.
  3345 | D:4      | Found a staircase to the Ecumenical Temple.
  3368 | D:4      | Reached XP level 6. HP: 32/32 MP: 2/21
  3396 | D:4      | Slain by a gnoll shaman

Action                   |  1- 3 |  4- 6 || total
-------------------------+-------+-------++-------
Melee: Hand axe          |       |    16 ||    16
 Cast: Magic Dart        |   101 |   138 ||   239
       Conjure Flame     |     1 |     3 ||     4
       Repel Missiles    |     1 |       ||     1
       Mephitic Cloud    |       |     1 ||     1
  Use: Scroll            |       |     4 ||     4
  Eat: Chunk             |     2 |     4 ||     6
